 Dungeon Crawl Stone Soup version 0.23.2-1-ga50397a (webtiles) character file.

Game seed: 12273977308413791438

172 doot the Skirmisher (level 5, 0/41 HPs)
             Began as a Demonspawn Abyssal Knight on May 4, 2019.
             Was a Believer of Lugonu.
             Slain by a hound (4 damage)
             ... on level 3 of the Dungeon.
             The game lasted 00:05:14 (3978 turns).

doot the Skirmisher (Demonspawn Abyssal Knight)     Turns: 3978, Time: 00:05:15

Health: 0/41       AC:  3    Str: 13    XL:     5   Next: 27%
Magic:  7/7        EV: 12    Int: 14    God:    Lugonu [**....]
Gold:   158        SH:  4    Dex: 12    Spells: 4/4 levels left

rFire    . . .     SeeInvis .   a - +1 hand axe
rCold    . . .     Gourm    .   (no shield)
rNeg     . . .     Faith    .   b - +0 leather armour
rPois    .         Spirit   .   (no helmet)
rElec    .         Reflect  .   (no cloak)
rCorr    .         Harm     .   (no gloves)
MR       .....                  (no boots)
Stlth    +.........             (no amulet)
HPRegen  1.13/turn              (no ring)
MPRegen  0.10/turn              (no ring)

@: lethally poisoned (0 -> 0)
A: large bone plates 1, powered by death 2
a: Depart the Abyss, Bend Space, Renounce Religion


You were on level 3 of the Dungeon.
You worshipped Lugonu.
Lugonu was pleased with you.
You were near starving.

You visited 1 branch of the dungeon, and saw 4 of its levels.
You visited the Abyss 1 time.

You collected 158 gold pieces.

Inventory:

Hand Weapons
 a - a +1 hand axe (weapon)
Armour
 b - a +0 leather armour (worn)
 o - a +0 helmet
Jewellery
 j - an uncursed ring of resist corrosion {unknown}
Wands
 k - a wand of enslavement (7)
Scrolls
 d - a scroll of magic mapping {unknown}
 e - a scroll of immolation {unknown}
 f - a scroll of blinking {unknown}
 g - 2 scrolls of identify {unknown}
 i - 3 scrolls of teleportation {unknown}
 m - 2 scrolls of remove curse {unknown}
 n - 3 scrolls of noise {unknown}
 p - 2 scrolls of amnesia {unknown}
 s - a scroll of fog {unknown}
 w - a scroll of enchant armour {unknown}
Potions
 h - a potion of haste {unknown}
 l - a potion of brilliance {unknown}
 q - a potion of curing
 r - a potion of degeneration {unknown}
 t - 2 potions of lignification {unknown}
 u - a potion of agility {unknown}
 v - a potion of might {unknown}
Comestibles
 c - 6 rations


   Skills:
 + Level 3.6 Fighting
 + Level 3.2 Axes
 + Level 2.4 Armour
 + Level 2.1 Dodging
 + Level 0.1 Stealth
 + Level 3.0 Invocations
 + Level 1.0 Evocations


You had 4 spell levels left.
You didn't know any spells.
Your spell library was empty.

Dungeon Overview and Level Annotations

Branches:
Dungeon (4/15)
 Temple: D:4-7

Altars:

Annotations:
D:2 Sigmund
D:4 Eustachio


Innate Abilities, Weirdness & Mutations

You are partially covered in large bone plates. (SH +4)
You regenerate health from kills.


Message History

* * * LOW HITPOINT WARNING * * *
You feel sick. The adder bites you.
* * * LOW HITPOINT WARNING * * *
You hit the adder.
You kill the adder!
Lugonu accepts your kill.
You feel sick.
You hit the hound but do no damage.
You feel sick. The hound bites you.
* * * LOW HITPOINT WARNING * * *
The hound barely misses you.
You hit the hound.
The hound is moderately wounded.
You feel sick. The hound misses you. The hound closely misses you.
You hit the hound but do no damage.
The hound is moderately wounded.
You feel sick. The hound closely misses you.
You miss the hound.
The hound is moderately wounded.
You feel sick. The hound bites you.
You die...

#.## ##.##.............#.###.....
#..###........#.#..###.#.# ##...#
#...#...##..##.##........# #...#
####.#####......#........# #...#
#.# ##.####....##.#.# #...#
###.######.####.......#.# #...#
#...##.......(...>...##.# #...#
#.####.....(.##h##.#.##.####...#
#.# #.......##@##..............
#.# #...(....................>.
##.####(......##.#####...........
......#(......##.# ########...#
##.##.#<...^..##.# #...#
#..##.##########.# #...#
#......#########.# #...#
#.###..##.....##.# ########...#
....)..##.###.##.# ##..........#


You could see a hound.

Vanquished Creatures
  Natasha (D:2)
  Robin (D:2)
  A gnoll (D:1)
  4 adders
  3 worms
  A dart slug (D:1)
  3 leopard geckos
  3 giant cockroaches
  12 goblins
  12 hobgoblins
  5 jackals
  7 bats
  12 frilled lizards
  8 kobolds
  6 rats
79 creatures vanquished.

Vanquished Creatures (collateral kills)
  A goblin (D:2)
1 creature vanquished.

Vanquished Creatures (others)
  A hobgoblin (D:2)
1 creature vanquished.

Grand Total: 81 creatures vanquished

Notes
Turn   | Place    | Note
-------+----------+-------------------------------------------
     0 | Abyss:1  | doot the Demonspawn Abyssal Knight began the quest for the
                  | Orb.
     0 | Abyss:1  | Reached XP level 1. HP: 18/18 MP: 2/2
    70 | Abyss:1  | Noticed a starcursed mass
    96 | D:1      | Escaped the Abyss
   542 | D:1      | Reached * piety under Lugonu
   542 | D:1      | Reached skill level 1 in Dodging
   745 | D:1      | Gained mutation: You are partially covered in large bone
                  | plates. (SH +4) [demonic ancestry]
   745 | D:1      | Reached XP level 2. HP: 24/24 MP: 4/4
  1089 | D:1      | Gained mutation: You regenerate a little health from kills.
                  | [demonic ancestry]
  1089 | D:1      | Reached XP level 3. HP: 28/29 MP: 5/5
  2035 | D:2      | Gained mutation: You regenerate health from kills. [demonic
                  | ancestry]
  2035 | D:2      | Reached XP level 4. HP: 35/35 MP: 6/6
  2051 | D:2      | Reached ** piety under Lugonu
  2054 | D:2      | Noticed Robin
  2082 | D:2      | Killed Robin
  2212 | D:2      | Noticed Sigmund
  2877 | D:2      | Noticed Natasha
  2895 | D:2      | Killed Natasha
  2895 | D:2      | Reached skill level 1 in Evocations
  2895 | D:2      | Reached XP level 5. HP: 13/41 MP: 7/7
  3688 | D:4      | Noticed a phantom
  3953 | D:4      | Noticed Eustachio
  3978 | D:3      | Slain by a hound

Skill      XL: |  1  2  3  4 |
---------------+-------------+-----
Dodging        | 1 2 |  2.1
Invocations    | 3 |  3.0
Armour         | 2 |  2.4
Axes           | 2 3 |  3.2
Evocations     | 1 |  1.0
Fighting       | |  3.6
Stealth        | |  0.1

Action                   |  1- 3 |  4- 6 || total
-------------------------+-------+-------++-------
Melee: Hand axe          |   130 |   136 ||   266
Invok: Depart the Abyss  |     1 |       ||     1
Evoke: Wand              |     1 |       ||     1
  Use: Potion            |       |     2 ||     2
 Stab: Distracted        |       |     1 ||     1
  Eat: Chunk             |     3 |     5 ||     8
Armor: Leather armour    |    30 |    35 ||    65
Dodge: Dodged            |    75 |    86 ||   161
Block: Other             |    13 |    25 ||    38
